 Dungeon Crawl Stone Soup version 0.24-a0-3-g5a199981cb (webtiles) character file.

Game seed: 6611100890830355786

183 Hercules1031 the Sneak (level 5, -3/28 HPs)
             Began as a Spriggan Monk on Jan 30, 2019.
             Slain by an orc
             ... wielding a +0 hand axe
              (8 damage)
             ... on level 3 of the Dungeon.
             The game lasted 00:08:07 (3349 turns).

Hercules1031 the Sneak (Spriggan Monk)              Turns: 3349, Time: 00:08:07

Health: -3/28      AC:  3    Str:  7    XL:     5   Next: 35%
Magic:  6/6        EV: 21    Int: 11    God:
Gold:   118        SH:  0    Dex: 20    Spells: 4/4 levels left

rFire    . . .     SeeInvis +   a - +0 short sword
rCold    . . .     Gourm    .   (shield restricted)
rNeg     . . .     Faith    .   b - +1 robe
rPois    .         Spirit   .   (helmet restricted)
rElec    .         Reflect  .   (no cloak)
rCorr    .         Harm     +   (gloves unavailable)
MR       .....                  (boots unavailable)
Stlth    ++++......             h - amulet of harm
HPRegen  0.09/turn              (no ring)
MPRegen  0.10/turn              (no ring)

@: very quick
A: very small, unfitting armour, see invisible, herbivore, speed 3, slow
metabolism 2
a: no special abilities


You were on level 3 of the Dungeon.
You were not hungry.

You visited 1 branch of the dungeon, and saw 3 of its levels.

You collected 118 gold pieces.

Inventory:

Hand Weapons
 a - a +0 short sword (weapon)
Armour
 b - a +1 robe (worn)
Jewellery
 h - an amulet of harm (around neck)
 k - a cursed ring of teleportation {unknown}
Scrolls
 d - a scroll of amnesia
 e - a scroll of identify
 g - 2 scrolls of remove curse {unknown}
 i - a scroll of random uselessness {unknown}
Comestibles
 c - 3 rations


   Skills:
 + Level 3.1 Fighting
 + Level 4.1 Short Blades
 + Level 5.5 Dodging
 * Level 6.0 Stealth


You had 4 spell levels left.
You didn't know any spells.
Your spell library was empty.

Dungeon Overview and Level Annotations

Branches:
Dungeon (3/15)

Altars:
Beogh


Innate Abilities, Weirdness & Mutations

You are very small and have problems with some larger weapons.
You are too small for most types of armour.
You have supernaturally acute eyesight. (SInv)
You are a herbivore.
You cover ground extremely quickly.
You need to consume almost no food.


Message History

The gnoll is almost dead.
The gnoll closely misses you.
You hit the gnoll.
The gnoll is almost dead.
The gnoll closely misses you.
You hit the gnoll but do no damage.
The gnoll is almost dead.
You hit the gnoll.
You kill the gnoll!
Your Stealth skill increases to level 6!
The gnoll completely misses you.
Things that are here:
a +0 flail; a gnoll corpse You hit the gnoll.
The gnoll is moderately wounded.
The gnoll barely misses you.
You hit the gnoll.
The gnoll is heavily wounded.
The orc hits you with a +0 hand axe!
You die...

.. ## #.. .. ... ##
.##.# . .#..# #.
##)..# #.##...#
#..g...# ###@#..##
#o#...# . ##...#..#
.#..######...###...
........†...........
.###...##.##########
.#####....#
#####.......#..#
.......####..>.##


You could see a gnoll and an orc.

Vanquished Creatures
  Jessica (D:2)
  5 adders
  5 gnolls (D:3)
  A leopard gecko (D:3)
  6 orcs
  4 bats (D:1)
  A giant cockroach (D:1)
  5 goblins
  4 hobgoblins
  10 jackals (D:1)
  3 ball pythons
  4 frilled lizards
  4 kobolds
  9 rats
62 creatures vanquished.

Notes
Turn   | Place    | Note
-------+----------+-------------------------------------------
     0 | D:1      | Hercules1031 the Spriggan Monk began the quest for the Orb.
     0 | D:1      | Reached XP level 1. HP: 11/11 MP: 2/2
    61 | D:1      | Found a roughly hewn altar of Beogh.
    61 | D:1      | Noticed an orc priest
    61 | D:1      | Noticed an orc priest
    66 | D:1      | Noticed an orc warrior
   156 | D:1      | Reached XP level 2. HP: 10/16 MP: 3/3
   843 | D:1      | Reached skill level 4 in Stealth
  1146 | D:1      | Reached XP level 3. HP: 18/19 MP: 4/4
  1409 | D:2      | Noticed Jessica
  1412 | D:2      | Killed Jessica
  1412 | D:2      | Reached skill level 5 in Dodging
  1465 | D:2      | Reached XP level 4. HP: 23/23 MP: 5/5
  1528 | D:2      | Reached skill level 5 in Stealth
  3025 | D:3      | Reached XP level 5. HP: 5/28 MP: 6/6
  3346 | D:3      | Reached skill level 6 in Stealth
  3349 | D:3      | Slain by an orc

Vault maps used:
D:1:      erik_arrival_cave_to_civilisation
D:2:      uniq_jessica
D:3:      amethyst_overflow_temple_binary

Skill      XL: |  1  2  3  4  5 |
---------------+----------------+-----
Stealth        | 4 5 6 |  6.0
Dodging        | 5 |  5.5
Fighting       | 3 |  3.1
Short Blades   | 4 |  4.1

Action                   |  1- 3 |  4- 6 || total
-------------------------+-------+-------++-------
Melee: Short sword       |   129 |   181 ||   310
  Use: Scroll            |     5 |     1 ||     6
       Potion            |     1 |     4 ||     5
 Stab: Sleeping          |     9 |     6 ||    15
  Eat: Ration            |     2 |       ||     2
Armor: Robe              |     9 |    12 ||    21
Dodge: Dodged            |   121 |   207 ||   328

Table legend:
 A = Non-vault XP
 B = Vault XP
 C = Vault XP percentage of total XP
 D = Non-vault monster count
 E = Vault monster count
 F = Vault count percentage of total count
                 A         B        C        D         E       F
            +---------+---------+-------+---------+---------+-------
      Total |     223 |      39 |  14.9 |      59 |       3 |   4.8
            +---------+---------+-------+---------+---------+-------
        D:1 |      45 |       2 |   4.3 |      29 |       2 |   6.5
        D:2 |      33 |      37 |  52.9 |       6 |       1 |  14.3
        D:3 |     145 |       0 |   0.0 |      24 |       0 |   0.0
            +---------+---------+-------+---------+---------+-------
